 Dungeon Crawl Stone Soup version 0.31.0-11-ge490571c62 (webtiles) character file.

Game seed: 1725678202423692581

25 qw the Shooter (level 2, 0/11 (16) HPs)
             Began as a Deep Elf Hunter on Feb 3, 2024.
             Slain by Terence
             ... wielding a +2 short sword of draining
              (1 damage)
             ... on level 2 of the Dungeon.
             The game lasted 00:00:11 (667 turns).

qw the Shooter (Deep Elf Hunter)                     Turns: 667, Time: 00:00:12

HP:   0/11 (16)     AC:  6    Str:  8    XL:     2   Next: 82%
MP:   4/4           EV: 10    Int: 13    God:
Gold: 39            SH:  0    Dex: 18    Spells: 1/1 levels left

rFire   . . .        a - +0 shortbow
rCold   . . .        (shield currently unavailable)
rNeg    . . .        i - +0 ring mail
rPois   .            g - +0 helmet
rElec   .            (no cloak)
rCorr   .            (no gloves)
SInv    .            (no boots)
Will    ++...        (no amulet)
Stlth   +            k - ring of willpower
HPRegen 0.21/turn    l - ring of willpower
MPRegen 0.09/turn

%: no passive effects
@: about to teleport, very heavily drained
A: no striking features
a: no special abilities


You were on level 2 of the Dungeon.
You visited 1 branch of the dungeon, and saw 2 of its levels.

You collected 39 gold pieces.


   Skills:
 - Level 1.5 Fighting
 + Level 6.5 Ranged Weapons
 - Level 2.4 Dodging
 - Level 1.2 Stealth


You had one spell level left.
You didn't know any spells.
Your spell library was empty.

Inventory:

Hand Weapons
 a - a +0 shortbow (weapon)
Armour
 g - a +0 helmet (worn)
 i - a +0 ring mail (worn)
Jewellery
 k - a ring of willpower (left hand)
 l - a ring of willpower (right hand)

Dungeon Overview and Level Annotations

Branches:
Dungeon (2/15)

Altars:
Uskayaw

Annotations:
D:2 Terence


Message History

Terence is lightly wounded.
You shoot an arrow. The arrow closely misses the rat.
The rat twitches its whiskers.
656 ||| STAIRDANCE The rat bites you but does no damage.
You climb upwards.
There is a stone staircase leading down here.
You shoot an arrow. The arrow hits the rat.
You kill the rat!
You climb downwards.
Level annotation: Terence Terence misses you.
There is a stone staircase leading up here.
You shoot an arrow. The arrow barely misses Terence.
Terence hits you with a +2 short sword of draining.
You feel drained.
You shoot an arrow. The arrow barely misses Terence.
Terence hits you with a +2 short sword of draining.
You feel drained.
You shoot an arrow. The arrow closely misses Terence.
Terence barely misses you. Terence hits you but does no damage.
You feel drained.
You shoot an arrow.
The arrow hits Terence but does no damage.
Terence is lightly wounded.
Terence closely misses you.
You shoot an arrow. The arrow hits Terence.
Terence is lightly wounded.
Terence hits you with a +2 short sword of draining.
You feel drained.
666 ||| READING scroll of teleportation.
As you read the scroll of teleportation, it crumbles to dust.
You feel strangely unstable. Terence barely misses you.
You shoot an arrow. The arrow hits Terence.
Terence is moderately wounded.
Terence hits you with a +2 short sword of draining.
You feel drained.
You die...
Terence says, "Time to find some more victims."

### .. .. ####.
. .#####... ...
........##.....
#@@.......
#.######## #.
#. .. .. ._.
...


You could see Terence.

Vanquished Creatures
  2 dart slugs (D:1)
  3 endoplasms (D:1)
  A giant cockroach (D:1)
  3 hobgoblins (D:1)
  3 kobolds (D:1)
  A ball python (D:1)
  3 bats (D:1)
  A frilled lizard (D:1)
  3 rats (D:1)
20 creatures vanquished.

Notes
Turn   | Place    | Note
-------+----------+-------------------------------------------
     0 | D:1      | qw the Deep Elf Hunter began the quest for the Orb.
     0 | D:1      | Reached XP level 1. HP: 12/12 MP: 3/3
     0 | D:1      | 0 ||| qw: Version: 0.3-a-155-g5e7d8dd
     0 | D:1      | 0 ||| qw: Game counter: 3373
     0 | D:1      | 0 ||| qw: Melee chars always use a shield: true
     0 | D:1      | 0 ||| qw: God list: Okawaru
     0 | D:1      | 0 ||| qw: Allow faded altars: false
     0 | D:1      | 0 ||| qw: Do Orc after clearing Dungeon:15 true
     0 | D:1      | 0 ||| qw: Do second Lair branch before Depths: true
     0 | D:1      | 0 ||| qw: Lair rune preference: random
     0 | D:1      | 0 ||| qw: Goals: Normal
     0 | D:1      | 0 ||| PLANNING D:1-11
    85 | D:1      | Reached skill level 6 in Ranged Weapons
    85 | D:1      | Reached XP level 2. HP: 16/16 MP: 4/4
   497 | D:1      | 497 ||| UPGRADING to +0 helmet.
   502 | D:1      | 502 ||| UPGRADING to +0 ring mail.
   512 | D:1      | 512 ||| DROPPING +0 leather armour.
   513 | D:1      | 513 ||| UPGRADING to ring of willpower.
   514 | D:1      | 514 ||| UPGRADING to ring of willpower.
   515 | D:1      | 515 ||| READING 2 scrolls labelled ETITZU QEJ.
   515 | D:1      | 515 ||| IDENTIFYING scroll labelled CUIBBI XUOSUR
   516 | D:1      | 516 ||| READING scroll of identify.
   516 | D:1      | 516 ||| IDENTIFYING scroll labelled QYMMAB LENTURA
   517 | D:1      | 517 ||| READING scroll labelled JASMES VICYXAI.
   518 | D:1      | 518 ||| READING scroll labelled CAMACO KAEPSORYGOE.
   519 | D:1      | 519 ||| READING scroll labelled UGAOTIA KIRPH.
   620 | D:1      | 620 ||| DROPPING scroll of butterflies.
   621 | D:1      | 621 ||| DROPPING scroll of poison.
   651 | D:2      | Noticed Terence
   651 | D:2      | Found a hide-covered altar of Uskayaw.
   656 | D:2      | 656 ||| STAIRDANCE
   665 | D:2      | HP: 3/12 [Terence/+2 short sword of draining (1)]
   666 | D:2      | 666 ||| READING scroll of teleportation.
   667 | D:2      | HP: 1/12 [Terence/+2 short sword of draining (2)]
   667 | D:2      | Slain by Terence

Levels and vault maps discovered:
D:1:      lightli_arrival_statue_moat, layout_rooms, dreamdust_mushroom_princess
D:2:      layout_rooms, ebering_ecumenical_altar_mist, basic_altar,
          kennysheep_generic_room_10, uniq_terence

Skill      XL: |  1 |
---------------+----+-----
Ranged Weapons | 6 |  6.5
Fighting       | |  1.5
Dodging        | |  2.4
Stealth        | |  1.2

Action                     || total
---------------------------++-------
   Fire: Shortbow          ||    56
    Use: Scroll            ||     6
 Armour: Leather armour    ||     9
         Ring mail         ||     6
  Dodge: Dodged            ||    19

Table legend:
 A = Non-vault XP
 B = Vault XP
 C = Vault XP percentage of total XP
 D = Non-vault monster count
 E = Vault monster count
 F = Vault count percentage of total count
                 A         B        C        D         E       F
            +---------+---------+-------+---------+---------+-------
      Total |      36 |       0 |   0.0 |      20 |       0 |   0.0
            +---------+---------+-------+---------+---------+-------
        D:1 |      36 |       0 |   0.0 |      20 |       0 |   0.0
            +---------+---------+-------+---------+---------+-------
